 Dungeon Crawl Stone Soup version 0.32-a0-468-g38b2580584 (webtiles) character file.

Game seed: 9602615478787755269

1217 Sobieck the Shooter (level 8, -1/56 HPs)
             Began as a Coglin Brigand on Feb 24, 2024.
             Slain by Pikel
             ... wielding a +2 whip of flaming
              (4 damage)
             ... on level 5 of the Dungeon.
             The game lasted 00:10:42 (5628 turns).

Sobieck the Shooter (Coglin Brigand)                Turns: 5628, Time: 00:10:42

Health: -1/56      AC:  5    Str: 11    XL:     8   Next: 46%
Magic:  8/8        EV: 14    Int: 11    God:
Gold:   350        SH:  0    Dex: 18    Spells: 7/7 levels left

rFire   . . .        h - +0 sling {Agathoclea}
rCold   . . .        o - +0 sling {Qiuyue}
rNeg    . . .        D - +0 leather armour
rPois   .            t - +0 helmet
rElec   .            c - +0 cloak
rCorr   .            (no gloves)
SInv    .            (no boots)
Will    .....        (no amulet)
Stlth   ++           (ring unavailable)
HPRegen 0.29/turn    (ring unavailable)
MPRegen 0.11/turn

%: no passive effects
@: mighty, revved
A: off-hand wielding, slow wielding, warmup strikes, no rings
a: no special abilities


You were on level 5 of the Dungeon.
You visited 1 branch of the dungeon, and saw 5 of its levels.
You also visited: Sewer.

You collected 350 gold pieces.

Inventory:

Hand Weapons
 a - a +2 dagger {Chinhae}
 d - a +0 dagger {Prasit}
 h - a +0 sling (weapon) {Agathoclea}
 o - a +0 sling (offhand) {Qiuyue}
 q - a +1 short sword of flaming {Suphaphon}
 s - a +2 dagger of draining {Simosihle}
Missiles
 k - 37 poisoned darts
 F - 3 curare-tipped darts
 Z - 2 throwing nets
Armour
 b - a +0 robe
 c - a +0 cloak (worn)
 t - a +0 helmet (worn)
 D - a +0 leather armour (worn)
Magical Staves
 w - a staff of earth
Jewellery
 g - a ring of wizardry
Talismans
 n - a serpent talisman
Wands
 E - a wand of charming (2)
Scrolls
 f - a scroll of brand weapon {unknown}
 j - a scroll of teleportation {unknown}
 l - 8 scrolls of identify {unknown}
 m - 2 scrolls of fear {unknown}
 p - a scroll of poison {unknown}
 r - 2 scrolls of fog {unknown}
 v - a scroll of enchant weapon {unknown}
 y - a scroll of enchant armour {unknown}
 B - a scroll of vulnerability {unknown}
Potions
 e - 3 potions of magic
 i - a potion of brilliance {unknown}
 u - 2 potions of degeneration {unknown}
 x - a potion of mutation {unknown}
 A - a potion of invisibility {unknown}
 C - a potion of lignification {unknown}
 G - a potion of ambrosia {unknown}
 H - a potion of might


   Skills:
 - Level 2.0 Fighting
 - Level 1.7 Short Blades
 + Level 7.4 Ranged Weapons
 - Level 1.7 Throwing
 - Level 5.0 Dodging
 - Level 3.2 Stealth


You had 7 spell levels left.
You didn't know any spells.
Your spell library contained the following spells:

 Spells                   Type           Power      Damage    Failure   Level
 Sting                    Conj/Alch      0%         1d3       43%         1
 Fulminant Prism          Conj/Alch      0%         3d5       99%         4
 Summon Forest            Summ/Tloc      0%         N/A       100%        5
 Summon Horrible Things   Summ           0%         N/A       100%        8


Dungeon Overview and Level Annotations

Branches:
Dungeon (5/15)              Sewer (visited)
 Temple: D:4-7

Altars:

Shops:
D:2 [

Annotations:
D:2 sling flight
D:5 Pikel


Innate Abilities, Weirdness & Mutations

You can wield a second weapon in your off-hand.
It takes a long time for you to wield or remove held weapons.
Your first few attacks do less damage.
Your grasper-arms cannot wear rings.


Message History

Pikel burns you.
* * * LOW HITPOINT WARNING * * *
You shoot a sling bullet. The sling bullet barely misses Pikel.
The sling bullet hits the lemure but does no damage.
The lemure is moderately wounded.
You shoot a sling bullet.
The sling bullet hits Pikel but does no damage.
Pikel is severely wounded.
Pikel misses you.
It was a potion of magic.
Magic courses through your body. Pikel closely misses you.
It was a potion of curing.
You feel better.
Q - a potion of curing Pikel hits you with a +2 whip of flaming.
* * * LOW HITPOINT WARNING * * *
Pikel burns you.
* * * LOW HITPOINT WARNING * * *
It was a potion of might.
You feel very mighty all of a sudden. Pikel barely misses you.
You feel better.
Pikel hits you with a +2 whip of flaming!
* * * LOW HITPOINT WARNING * * *
Pikel burns you.
* * * LOW HITPOINT WARNING * * *
Unknown command.
You shoot a sling bullet.
The sling bullet completely misses Pikel.
The sling bullet barely misses the lemure.
The sling bullet hits the lemure.
The lemure is lightly wounded.
You shoot a sling bullet. The sling bullet closely misses Pikel.
The sling bullet hits the lemure but does no damage.
The lemure is moderately wounded.
Pikel hits you with a +2 whip of flaming.
* * * LOW HITPOINT WARNING * * *
Pikel burns you.
* * * LOW HITPOINT WARNING * * *
You shoot a sling bullet. The sling bullet barely misses Pikel.
The sling bullet hits the lemure but does no damage.
The lemure is moderately wounded.
You shoot a sling bullet.
The sling bullet completely misses Pikel.
The sling bullet hits the lemure.
The lemure is heavily wounded.
Pikel hits you with a +2 whip of flaming!
* * * LOW HITPOINT WARNING * * *
Pikel burns you.
You die...
Pikel says, "Another soul for the market."

+.........+...........
.........####...##.##
....... ##.##..# .....
####.## .5. #.# #5#
#.# #5# #.# #K# #.#
#######@##### #.#
#...........# #.#
#.###.....#.# #.#
##...##.# #.#
##.###.########.# ###
#..........#
############


You could see Pikel and 3 lemures.

Vanquished Creatures
  Eustachio (D:5)
  Pargi (Sewer)
  A black bear (D:5)
  An ice beast (D:5)
  An ogre (D:4)
  A lemure (D:5)
  A kobold brigand (Sewer)
  A scorpion (D:4)
  3 bombardier beetles
  A hound (D:5)
  A jelly (Sewer)
  4 orc priests
  An iguana (D:5)
  Jessica (D:2)
  2 orc wizards (D:3)
  Robin (D:3)
  7 gnolls
  5 adders
  A dart slug (D:3)
  8 orcs
  3 endoplasms
  6 giant cockroaches
  9 hobgoblins
  7 jackals
  10 kobolds
  A quokka (D:2)
  4 ball pythons
  6 bats
  4 frilled lizards
  19 goblins
  4 rats
116 creatures vanquished.

Notes
Turn   | Place    | Note
-------+----------+-------------------------------------------
     0 | D:1      | Sobieck the Coglin Brigand began the quest for the Orb.
     0 | D:1      | Reached XP level 1. HP: 16/16 MP: 1/1
    69 | D:1      | Reached skill level 1 in Dodging
   680 | D:1      | Reached XP level 2. HP: 22/22 MP: 2/2
   920 | D:2      | Found Namech's Antique Armour Shop.
  1061 | D:2      | Reached XP level 3. HP: 27/27 MP: 3/3
  1164 | D:2      | Reached skill level 3 in Dodging
  1658 | D:2      | Reached XP level 4. HP: 33/33 MP: 4/4
  2160 | D:2      | Reached skill level 1 in Ranged Weapons
  2274 | D:3      | Noticed Jessica
  2298 | D:2      | Killed Jessica
  2299 | D:2      | Reached XP level 5. HP: 33/38 MP: 5/5
  2556 | D:3      | Noticed Robin
  2559 | D:3      | Found a glowing drain.
  2565 | D:3      | Killed Robin
  2642 | Sewer    | Entered a sewer
  2688 | Sewer    | Noticed Pargi
  2717 | Sewer    | Killed Pargi
  2718 | Sewer    | Reached skill level 2 in Ranged Weapons
  2718 | Sewer    | Reached XP level 6. HP: 24/44 MP: 6/6
  2799 | Sewer    | Reached skill level 3 in Ranged Weapons
  3085 | D:3      | Reached XP level 7. HP: 22/50 MP: 7/7
  3271 | D:3      | Found a faded altar of an unknown god.
  3428 | D:3      | Reached skill level 4 in Ranged Weapons
  3453 | D:3      | Got the Guidebook on Changing Apparitions
  4124 | D:4      | Reached skill level 5 in Ranged Weapons
  4415 | D:5      | Entered Level 5 of the Dungeon
  4643 | D:5      | Reached skill level 6 in Ranged Weapons
  4644 | D:5      | Reached XP level 8. HP: 38/56 MP: 5/8
  4810 | D:5      | Noticed Eustachio
  4831 | D:5      | Killed Eustachio
  5192 | D:5      | Reached skill level 7 in Ranged Weapons
  5600 | D:5      | Noticed Pikel
  5628 | D:5      | Slain by Pikel

Illustrated notes

Levels and vault maps discovered:
D:1:      elethiomel_arrival_infinity_welcomes_careful_drivers, layout_basic
D:2:      layout_basic, serial_shops, shop, st_stairs_3, minmay_goblin_outpost
D:3:      layout_basic, shapermc_ecumenical_altar_gd, portal_sewer_entry_f,
          uniq_jessica, uniq_robin
D:4:      layout_loops_cross
D:5:      layout_loops_corners, uniq_eustachio, uniq_pikel

Skill      XL: |  1  2  3  4  5  6  7  8 |
---------------+-------------------------+-----
Dodging        | 1 2 3 4 5 |  5.0
Ranged Weapons | 1 2 3 6 7 |  7.4
Fighting       | |  2.0
Short Blades   | |  1.7
Throwing       | |  1.7
Stealth        | |  3.2

Action                     |  1- 3 |  4- 6 |  7- 9 || total
---------------------------+-------+-------+-------++-------
  Melee: Dagger            |   134 |   203 |   239 ||   576
         Short sword       |       |    17 |       ||    17
   Fire: Sling             |       |     2 |    84 ||    86
    Use: Potion            |       |       |     4 ||     4
   Stab: Sleeping          |     4 |     5 |     5 ||    14
 Armour: Robe              |    43 |    87 |    55 ||   185
         Leather armour    |       |       |    25 ||    25
  Dodge: Dodged            |    65 |   114 |   100 ||   279
         Form:             |       |     1 |       ||     1
         Serpent           |       |     1 |       ||     1

Table legend: (Time is in decaauts)
 A = Elapsed time spent in this place.
 B = Non-inter-level travel time spent in this place.
 C = Inter-level travel time spent in this place.
 D = Time resting spent in this place.
 E = Time spent auto-exploring this place.
 F = Levels seen in this place.
 G = Mean time per level.
                   A        B        C        D        E       F      G
               +--------+--------+--------+--------+--------+-----+--------+
         Total |   5626 |   5476 |    150 |   1307 |   2869 |   6 |  937.7 |
       Dungeon |   5270 |   5120 |    150 |   1161 |   2789 |   5 | 1054.0 |
         Sewer |    356 |    356 |      0 |    146 |     80 |   1 |  356.0 |
               +--------+--------+--------+--------+--------+-----+--------+

Top non-repeatable levels by time:
     D:2: 1471 daAuts
     D:5: 1208 daAuts
     D:3: 899 daAuts
     D:1: 897 daAuts
     D:4: 793 daAuts
   Sewer: 356 daAuts
